 Dungeon Crawl Stone Soup version 0.26.1-11-gd32895ea62 (webtiles) character file.

Game seed: 5513343241490243572

1389 dtburroughs the Skirmisher (level 8, -1/73 HPs)
             Began as a Minotaur Berserker on July 17, 2021.
             Was a Priest of Trog.
             Killed from afar by a vampire (12 damage)
             ... with a bolt of acid
             ... on level 5 of the Dungeon.
             The game lasted 00:08:38 (5516 turns).

dtburroughs the Skirmisher (Minotaur Berserker)     Turns: 5516, Time: 00:08:39

Health: -1/73      AC: 14    Str: 22    XL:     8   Next: 40%
Magic:  7/7        EV:  8    Int:  6    God:    Trog [***...]
Gold:   246        SH:  0    Dex: 10    Spells: 7/7 levels left

rFire    . . .     SeeInvis .   t - +0 battleaxe
rCold    . . .     Faith    .   (shield currently unavailable)
rNeg     . . .     Spirit   .   k - +0 plate armour
rPois    .         Reflect  .   (helmet restricted)
rElec    .         Harm     .   (no cloak)
rCorr    .         Rampage  .   (no gloves)
Will     .....                  D - +0 pair of boots
Stlth    ..........             (no amulet)
HPRegen  0.22/turn              p - ring of stealth
MPRegen  0.10/turn              c - +4 ring of protection

@: confused, corroded
A: retaliatory headbutt, horns 2
a: Renounce Religion, Berserk, Trog's Hand


You were on level 5 of the Dungeon.
You worshipped Trog.
Trog was most pleased with you.
You visited 1 branch of the dungeon, and saw 5 of its levels.
You also visited: Ossuary.

You collected 246 gold pieces.

Inventory:

Hand Weapons
 s - a +0 war axe
 t - a +0 battleaxe (weapon)
Armour
 k - a +0 plate armour (worn)
 D - a +0 pair of boots (worn)
Jewellery
 a - a cursed ring of teleportation {unknown}
 c - a +4 ring of protection (right hand)
 p - a ring of stealth (left hand)
Wands
 u - a wand of iceblast (10)
Scrolls
 b - a scroll of amnesia {unknown}
 d - a scroll of enchant weapon {unknown}
 j - 2 scrolls of enchant armour
 l - 2 scrolls of remove curse
 n - 2 scrolls of blinking
 q - a scroll of teleportation {unknown}
 w - 2 scrolls of immolation {unknown}
 y - a scroll of noise {unknown}
Potions
 f - a potion of haste {unknown}
 g - 7 potions of curing
 i - 4 potions of degeneration
 m - a potion of resistance {unknown}
 r - 2 potions of cancellation
 v - 3 potions of heal wounds {unknown}
 x - 2 potions of lignification {unknown}
 z - 2 potions of mutation {unknown}
 A - a potion of ambrosia {unknown}
 B - 4 potions of flight
 C - a potion of brilliance {unknown}


   Skills:
 + Level 7.1 Fighting
 + Level 7.1 Axes
 + Level 6.5 Armour
 + Level 6.0 Dodging
 + Level 1.0 Evocations


You had 7 spell levels left.
You didn't know any spells.
Your spell library was empty.

Dungeon Overview and Level Annotations

Branches:
Dungeon (5/15)             Temple (0/1) D:4         Ossuary (visited)

Altars:
Trog
Uskayaw


Innate Abilities, Weirdness & Mutations

You reflexively headbutt those who attack you in melee.
You have a pair of horns on your head.


Message History

Something draws strength from your injuries!
Something hits you but does no damage. Something bites you but does no damage.
You closely miss something.
Your skin stops crawling.
You feel less strong-willed. Something hits you but does no damage.
Something bites you but does no damage.
You barely miss something.
You hear some strange, mumbled words.
You are confused.
You're too confused to move!
You hear a zap.
A bolt of acid appears from out of thin air!
The bolt of acid hits you but does no damage.
The acid corrodes you!
You are splashed with acid!
* * * LOW HITPOINT WARNING * * *
Something hits you.
* * * LOW HITPOINT WARNING * * *
You hear a zap.
A bolt of acid appears from out of thin air!
The bolt of acid hits you!
You die...

###..####.##......##.....#
#....###..##.........>....
###.##.....##...............
....#...#####...........
.......#### #...........
.####.....# #........... ##
#.....# #........... #
#.....# #........... #
#.....# ##..@....... #
#.....# #.{....##.. #.....#
#..##### #.....# ##.#
......# #.. ... ###


There were no monsters in sight!

Vanquished Creatures
  3 phantoms
  Blork the orc (D:4)
  An elf zombie (D:4)
  An elf skeleton (D:4)
  A centaur zombie (Ossuary)
  2 hounds (D:4)
  4 orc wizards
  3 human zombies (Ossuary)
  2 bullfrog skeletons (D:5)
  3 orc priests
  2 human skeletons (D:4)
  Natasha (thrice) (D:4)
  6 worker ants
  A big kobold zombie (Ossuary)
  5 mummies (Ossuary)
  A howler monkey zombie (D:5)
  3 adders (D:4)
  A shadow imp (D:4)
  2 white imps (D:5)
  3 worms (D:2)
  4 dart slugs
  5 leopard geckos
  12 orcs
  A ball python (D:2)
  A giant cockroach (D:5)
  7 goblins
  5 hobgoblins
  2 bats
  2 kobolds
  A kobold zombie (Ossuary)
  2 orc skeletons (D:4)
  2 orc zombies (Ossuary)
  2 rats (D:2)
94 creatures vanquished.

Notes
Turn   | Place    | Note
-------+----------+-------------------------------------------
     0 | D:1      | dtburroughs the Minotaur Berserker began the quest for the
                  | Orb.
     0 | D:1      | Reached XP level 1. HP: 19/19 MP: 0/0
   250 | D:1      | Reached XP level 2. HP: 22/27 MP: 1/1
   819 | D:2      | Noticed a phantom
   885 | D:2      | Reached XP level 3. HP: 18/33 MP: 2/2
   975 | D:3      | HP: 1/33 [poisoned by a worker ant]
  1347 | D:2      | Killed a phantom
  1348 | D:2      | Reached XP level 4. HP: 18/41 MP: 3/3
  1348 | D:2      | Reached XP level 5. HP: 21/47 MP: 4/4
  2163 | D:2      | Found a bloodstained altar of Trog.
  3018 | D:3      | You fall into a shaft and drop 2 floors!
  3018 | D:5      | Entered Level 5 of the Dungeon
  3046 | D:5      | Reached skill level 5 in Fighting
  3046 | D:5      | Reached skill level 5 in Axes
  3054 | D:5      | Noticed a phantom
  3055 | D:5      | Noticed a phantom
  3058 | D:5      | Reached XP level 6. HP: 42/56 MP: 5/5
  3085 | D:5      | Reached ** piety under Trog
  3099 | D:5      | HP: 2/56 [white imp (5)]
  3425 | D:4      | Noticed Blork the orc
  3449 | D:4      | Reached skill level 5 in Armour
  3451 | D:4      | Reached XP level 7. HP: 48/62 MP: 6/6
  3454 | D:4      | Killed Blork the orc
  3553 | D:4      | Found a staircase to the Ecumenical Temple.
  3856 | D:4      | Noticed Natasha
  3859 | D:4      | Killed Natasha
  3860 | D:4      | Reached skill level 5 in Dodging
  3949 | D:4      | Found a sand-covered staircase.
  3961 | Ossuary  | Entered an ossuary
  4357 | Ossuary  | Reached *** piety under Trog
  4364 | Ossuary  | Reached XP level 8. HP: 26/71 MP: 7/7
  4825 | D:4      | Noticed Natasha
  4836 | D:4      | Killed Natasha
  4964 | D:4      | Noticed Natasha
  4972 | D:4      | Killed Natasha
  5378 | D:5      | Noticed a +0 dagger
  5382 | D:5      | Noticed a +0 dagger
  5384 | D:5      | Found a hide-covered altar of Uskayaw.
  5488 | D:5      | Reached skill level 1 in Evocations
  5516 | D:5      | Killed from afar by a vampire

Illustrated notes

Levels and vault maps discovered:
D:1:      lemuel_arrival_room, layout_rooms
D:2:      layout_basic, lemuel_round_altar
D:3:      layout_rooms, okawaru_gym_becter, marbit_many_paths
D:4:      layout_loops_ring, temple_green, nicolae_ossuary_entry_catacombs,
          uniq_blork_the_orc, uniq_natasha
D:5:      layout_rooms, dancing_weapons_uskayaw, minmay_stone_trees_small

Skill      XL: |  1  2  3  4  5  6  7  8 |
---------------+-------------------------+-----
Axes           | 4 5 6 7 |  7.1
Fighting       | 4 5 6 7 |  7.1
Armour         | 3 4 5 6 |  6.5
Dodging        | 3 4 5 6 |  6.0
Evocations     | 1 |  1.0

Action                   |  1- 3 |  4- 6 |  7- 9 || total
-------------------------+-------+-------+-------++-------
Melee: Hand axe          |    87 |    28 |       ||   115
       Headbutt          |    15 |    16 |    47 ||    78
       War axe           |       |    41 |     4 ||    45
       Battleaxe         |       |       |   165 ||   165
Invok: Berserk           |       |     2 |       ||     2
       Trog's Hand       |       |       |     3 ||     3
  Use: Scroll            |       |       |     9 ||     9
 Stab: Sleeping          |     1 |       |       ||     1
Armor: Animal skin       |     2 |       |       ||     2
       Plate armour      |    35 |    55 |   111 ||   201
Dodge: Dodged            |    45 |    30 |    69 ||   144
